ElectroGuy, lawful female dwarven Valkyrie ---- ----- ------------------ --- |..| ----.|.| |................|--------------|.- ---- -------- |..| |......| |................|?!=|......|...|. |..| |..--..-- -----.-- |......| +..-.|--.........|?!!|..|...| ..|.. |..---.......| --.|...--------.....| |..|...|..-----..|...|..|-|.--|--..--- |.........|.-- |...................-----..|......|((.|..--|---|-.........|..| --...--..---- |......---.------.................|((.-.........[.....--.....----....|--- ---....<|.....--|..........|---|..|((.|......--.........|......|.....| --...........---..---....|(((|..-----.............-...|...........-- |..---...........|..+...|(((|.............|......|...|...........| ---- --..........|..|...|...|-+.......--|--..-.-..-.-............| |-...-......---...--|-|..|..-|.|..)....[..)...............>---- ---.....................|..|.....|----.).%---------.............| |..............|..#.......--.....|.%.-....|......||............------ ---..............|-....{........|..|%%.|.....(..._..|...........----..| |................--..|....#.....--------.....(..@.F|..................| --....................-......)%@[)..%@@.....|------.--..|.--....------- |.................--|=---.....-------.------ -------....| --......--...---.-- -- --.---- ## |....-- -----.----.-- --- --- --..-- --- --- ---- ElectroGuy the Fighter Experience level: 7 Strength: 18/04 Dexterity: 14 Constitution: 17 Intelligence: 9 Wisdom: 10 Charisma: 9 Health: 0(70) Energy: 12(12) Def: 14 Gold: 44 Moves: 4381 Dungeon seed: iQB2H4nTpfwvZZPn Game ID: ElectroGuy_1577624997 Your Inventory: Coins $ - 44 gold pieces Weapons a - the blessed rustproof +2 Excalibur (weapon in hand) b - a +0 dagger (in quiver) V - the rustproof +0 Mjollnir (alternate weapon; not wielded) Armor r - an uncursed +0 dwarvish cloak (being worn) y - an uncursed +2 pair of iron shoes (being worn) D - an uncursed +0 dwarvish roundshield (being worn) N - an uncursed +0 elven mithril-coat (being worn) Y - a blessed +1 dwarvish iron helm (being worn) Comestibles c - an uncursed watch captain corpse k - an uncursed carrot l - 2 uncursed food rations R - an uncursed candy bar X - 5 uncursed bananas Scrolls H - a blessed scroll of blank paper Spellbooks K - an uncursed spellbook of knock Potions o - an uncursed potion of fruit juice Rings v - a blessed +1 ring of adornment (on left hand) Wands A - a wand of magic missile (0:0) Z - a wand of teleportation (0:4) Tools s - an uncursed magic whistle t - an uncursed towel w - an uncursed blindfold G - a cursed tallow candle (0:200) L - an uncursed magic whistle Gems e - 2 uncursed worthless pieces of blue glass n - 2 uncursed worthless pieces of orange glass q - an uncursed worthless piece of black glass z - 3 uncursed worthless pieces of white glass J - an uncursed worthless piece of violet glass Spells and supernatural/magical abilities: Name Level Category Fail Memory W - pray for help -- divine ? -- Your skills at the end: Fighting Skills Weapon Skills dagger [Basic] long sword [Skilled] Spellcasting Skills Final Attributes: You had transgressed. You were cold resistant. You were level-drain resistant. You had automatic searching. You had infravision. You were adorned. You were stealthy. You were fast. You were very unlucky. You are dead. Vanquished creatures: a watch captain 2 watchmen a gnome king 3 brown puddings 3 Green-elves a dwarf lord 6 water moccasins an ape 2 fire ants 5 gnome lords a red naga hatchling a giant ant 2 little dogs a floating eye 5 dwarves a kobold lord 2 kobold shamans 3 rothes a rabid rat 2 giant bats 2 monkeys 2 werejackals an iguana 3 coyotes 4 hobbits 2 hobgoblins a green mold 29 gnomes a garter snake a gecko a jackal a fox 2 kobolds 4 goblins 2 sewer rats 5 grid bugs 3 lichens 2 kobold zombies 8 newts 118 creatures vanquished. Voluntary challenges: You used a wielded weapon 129 times, starting on turn 2. You read items or engraved 5 times, starting on turn 82. You never genocided any monsters. You never polymorphed an object. You never changed form. You used no wishes. You split 2 puddings, starting on turn 3764. You wrote Elbereth's name 1 time, starting on turn 4310. You violated your moral code, losing 200 points of alignment, starting on turn 1988. Dungeon overview: The Dungeons of Doom: levels 1 to 3 Level 1 a fountain a long staircase Level 2 Level 3 a delicatessen, a fountain, a sink stairs to The Gnomish Mines The Gnomish Mines: levels 4 to 7 Level 4 stairs to The Dungeons of Doom Level 5 Level 6 Level 7 <- You were here many shops, a temple to Tyr, a fountain, some trees History has recorded: On T:1 you entered the Dungeons of Doom to retrieve the Amulet of Yendor! On T:359 you reached level 2 of The Dungeons of Doom. On T:549 you advanced to experience level 2. On T:694 you reached level 3 of The Dungeons of Doom. On T:752 you advanced to experience level 3. On T:1800 you reached level 1 of The Gnomish Mines. On T:1991 you advanced to experience level 4. On T:2328 you reached level 2 of The Gnomish Mines. On T:2360 you advanced to experience level 5. On T:2521 you reached level 3 of The Gnomish Mines. On T:2862 you advanced to experience level 6. On T:3525 you reached level 4 of The Gnomish Mines. On T:4031 you advanced to experience level 7. On T:4145 you received Mjollnir from Tyr. Score breakdown: Gold: 44 ( 5623 points) Experience: 7 levels (13645 points) Exploration: 7 levels ( 14.00%) (10497 points) Discoveries: 7 items ( 2.85%) ( 5060 points) Valuables value: (no points given unless you survive) Artifact value: 8000 (13277 points) Variety of kills: 39 monsters ( 10.24%) ( 9598 points) Turncount: 4381 turns (-1159 points) Survival: died (score multiplied by 80%) Total score: 45232 Latest messages: The horse picks up a spetum. The coyote misses. The coyote bites! You miss the coyote. The coyote bites! The coyote misses. (2x) You kill the coyote! The horse drops a spetum. The watch captain picks up a studded leather armor. You see here a coyote corpse. The horse picks up a spetum. You see here a cursed elven spear. The horse moves only reluctantly. The watch captain swings her long sword. The watch captain hits! The watch captain swings her long sword. The watch captain hits! The horse drops a spetum. The Green-elf picks up a spetum. The watch captain swings her long sword. The watch captain hits! You die... Final status: Farvel ElectroGuy the Valkyrie, killed by a watch captain... You died in The Gnomish Mines on dungeon level 7 with 45232 points, and 44 pieces of gold, after 4381 moves. You were level 7 with a maximum of 70 hit points when you died.